 Dungeon Crawl Stone Soup version 0.28.0 (webtiles) character file.

Game seed: 6601939809633488920

233 wat the Skirmisher (level 5, 0/43 (48) HPs)
             Began as a Minotaur Berserker on Feb 7, 2022.
             Was a Believer of Trog.
             Slain by a wight (4 damage)
             ... on level 4 of the Dungeon.
             The game lasted 00:04:13 (4190 turns).

wat the Skirmisher (Minotaur Berserker)             Turns: 4190, Time: 00:04:14

HP:   0/43 (48)     AC:  9    Str: 24    XL:     5   Next: 74%
MP:   4/4           EV:  8    Int:  4    God:    Trog [**....]
Gold: 164           SH:  0    Dex:  9    Spells: 4/4 levels left

rFire   . . .      SeeInvis .   a - +0 hand axe
rCold   . . .      Faith    .   j - orb {mayhem}
rNeg    . . .      Spirit   .   n - +0 chain mail
rPois   .          Reflect  .   (helmet restricted)
rElec   .          Harm     .   (no cloak)
rCorr   .          Rampage  .   (no gloves)
Will    .....                   (no boots)
Stlth   ..........              (no amulet)
HPRegen 0.14/turn               (no ring)
MPRegen 0.09/turn               (no ring)

@: heavily drained
A: horns 2, retaliatory headbutt
a: Renounce Religion, Berserk, Trog's Hand


You were on level 4 of the Dungeon.
You worshipped Trog.
Trog was pleased with you.
You visited 1 branch of the dungeon, and saw 4 of its levels.

You collected 164 gold pieces.

Inventory:

Hand Weapons
 a - a +0 hand axe (weapon)
Missiles
 f - 147 stones (quivered)
 q - 25 sling bullets
Armour
 j - an orb of mayhem (worn)
 n - a +0 chain mail (worn)
Jewellery
 p - an amulet of magic regeneration
Scrolls
 b - 4 scrolls of immolation {unknown}
 d - 4 scrolls of teleportation {unknown}
 e - a scroll of torment {unknown}
 i - a scroll of holy word {unknown}
 l - a scroll of identify {unknown}
Potions
 c - 2 potions of magic {unknown}
 g - a potion of invisibility {unknown}
 h - a potion of brilliance {unknown}
 k - 2 potions of degeneration {unknown}
 m - a potion of heal wounds {unknown}
 o - 2 potions of lignification {unknown}


   Skills:
 + Level 5.4 Fighting
 + Level 5.4 Axes
 + Level 4.6 Armour
 - Level 2.2 Dodging


You had 4 spell levels left.
You didn't know any spells.
Your spell library was empty.

Dungeon Overview and Level Annotations

Branches:
Dungeon (4/15)
 Temple: D:4-7

Altars:
Qazlal
Sif Muna


Innate Abilities, Weirdness & Mutations

You have a pair of horns on your head.
You reflexively headbutt those who attack you in melee.


Message History

Found 17 arrows.
Found a stone staircase leading down.
Found an escape hatch in the ceiling.
A wight comes into view. It is wielding a +2 mace.
A wight is nearby! 3 wights come into view.
A wight is wielding a +2 short sword of freezing.
A wight is wielding a +3 falchion of freezing.
You barely miss the wight. The wight hits you but does no damage.
You hit the wight but do no damage. The wight completely misses you.
You furiously retaliate!
You headbutt the wight. You closely miss the wight.
Your headbutt misses the wight.
The wight is moderately damaged.
You hit the wight but do no damage.
The wight hits you with a +2 short sword of freezing.
The wight freezes you. The wight hits you but does no damage.
You slash the wight!
The wight is almost destroyed.
You barely miss the wight. The wight closely misses you.
The wight hits you with a +2 mace.
You feel drained.
You hit the wight but do no damage.
You headbutt the wight, but do no damage.
The wight is almost destroyed.
You hit the wight but do no damage. You closely miss the wight.
The wight hits you with a +2 short sword of freezing!
You feel drained. The wight freezes you.
The wight hits you with a +3 falchion of freezing!
* * * LOW HITPOINT WARNING * * *
You feel drained.
* * * LOW HITPOINT WARNING * * *
The wight freezes you.
* * * LOW HITPOINT WARNING * * *
The wight hits you with a +2 mace.
* * * LOW HITPOINT WARNING * * *
Okay, then.
The wight barely misses you.
Found an escape hatch in the floor.
Found a flail.
The wight hits you with a +2 short sword of freezing!
* * * LOW HITPOINT WARNING * * *
You feel drained.
You die...

###.....####.#.#.#
##...## #..... ##.##
#.#).# # #.# ##.#..#
##...# ## +#.#+ ##..#.>#
#....##
.###...###...#..# #.....
.....8.z.z......# #.#..#
.###...###....z.###.#..#
## +#.#+ ##..#.z@##.#..#
# #.# ##.#.#.#.....#
##.## #...)......[#
##...## #.###.#.<.#.#
###.....## #.# #.##.##.#
.............#
#.##....######
z####.######
#.......<....# ......#
#.#####.####.# ####### #
#.#


You could see 3 wights.

Vanquished Creatures
  Blork the orc (D:4)
  A bullfrog zombie (D:3)
  An orc wizard (D:3)
  Terence (D:3)
  An adder (D:4)
  2 worms
  2 dart slugs
  7 orcs
  5 bats
  5 endoplasms
  2 giant cockroaches
  6 goblins
  6 hobgoblins
  8 ball pythons
  3 frilled lizards
  10 kobolds
  5 rats
66 creatures vanquished.

Vanquished Creatures (others)
  An orc (D:4)
1 creature vanquished.

Grand Total: 67 creatures vanquished

Notes
Turn   | Place    | Note
-------+----------+-------------------------------------------
     0 | D:1      | wat the Minotaur Berserker began the quest for the Orb.
     0 | D:1      | Reached XP level 1. HP: 19/19 MP: 0/0
   413 | D:1      | Reached XP level 2. HP: 27/27 MP: 1/1
   776 | D:1      | Reached ** piety under Trog
   942 | D:1      | Reached XP level 3. HP: 20/33 MP: 2/2
  1310 | D:2      | Found a faded altar of an unknown god.
  1597 | D:2      | Found a stormy altar of Qazlal.
  1761 | D:3      | Reached XP level 4. HP: 20/41 MP: 3/3
  2210 | D:3      | Found a shimmering blue altar of Sif Muna.
  2920 | D:3      | Noticed Terence
  2929 | D:3      | Killed Terence
  2930 | D:3      | Reached skill level 5 in Fighting
  2930 | D:3      | Reached skill level 5 in Axes
  2930 | D:3      | Reached XP level 5. HP: 15/48 MP: 4/4
  3437 | D:4      | Noticed Blork the orc
  3446 | D:4      | Killed Blork the orc
  4190 | D:4      | Slain by a wight

Illustrated notes

Levels and vault maps discovered:
D:1:      scummos_arrival_star, layout_loops_cross, serial_glass,
          glass_columns_a, glass_columns_a, glass_columns_c, glass_columns_a,
          glass_columns_a, glass_columns_a, glass_columns_b, glass_columns_a,
          glass_columns_a, glass_columns_b, glass_columns_a, glass_columns_a,
          glass_columns_b, glass_columns_a
D:2:      layout_basic, basic_altar, chequers_ecumenical_altar_simple
D:3:      layout_loops_ring, nicolae_sif_muna_condensation, uniq_terence
D:4:      cheibrodos_barr_body, layout_loops_ring, uniq_blork_the_orc,
          uniq_crazy_yiuf_cottage

Skill      XL: |  1  2  3  4 |
---------------+-------------+-----
Fighting       | 4 5 |  5.4
Axes           | 4 5 |  5.4
Armour         | 3 4 |  4.6
Dodging        | |  2.2

Action                   |  1- 3 |  4- 6 || total
-------------------------+-------+-------++-------
Melee: Hand axe          |    98 |    57 ||   155
       Headbutt          |    13 |    10 ||    23
Throw: Stone             |       |     1 ||     1
Invok: Berserk           |       |     2 ||     2
Armor: Animal skin       |    18 |     7 ||    25
       Chain mail        |       |     3 ||     3
Dodge: Dodged            |    52 |    33 ||    85
